 Dungeon Crawl Stone Soup version 0.28.0 (webtiles) character file.

Game seed: 4860216899061147328

555 Crownlay the Chucker (level 7, -1/63 (67) HPs)
             Began as a Troll Hunter on Feb 17, 2022.
             Slain by an orc warrior (21 damage)
             ... on level 4 of the Dungeon.
             The game lasted 00:06:19 (2977 turns).

Crownlay the Chucker (Troll Hunter)                 Turns: 2977, Time: 00:06:20

HP:   -1/63 (67)    AC:  4    Str: 21    XL:     7   Next: 8%
MP:   6/6           EV: 10    Int:  7    God:
Gold: 137           SH:  0    Dex: 12    Spells: 6/6 levels left

rFire   . . .      SeeInvis +     - Unarmed
rCold   . . .      Faith    .   (no shield)
rNeg    . . .      Spirit   .   b - +0 robe
rPois   .          Reflect  .   (helmet restricted)
rElec   .          Harm     .   (no cloak)
rCorr   .          Rampage  .   (gloves unavailable)
Will    .....                   (boots unavailable)
Stlth   +.........              (no amulet)
HPRegen 1.00/turn               h - ring of see invisible
MPRegen 0.10/turn               (no ring)

@: drained
A: large, unfitting armour, claws 3, regeneration 1, shaggy fur 1, tough skin 1
a: no special abilities


You were on level 4 of the Dungeon.
You visited 1 branch of the dungeon, and saw 4 of its levels.

You collected 137 gold pieces.

Inventory:

Missiles
 c - 5 large rocks (quivered)
 d - 4 throwing nets
 l - 8 boomerangs
 p - 5 javelins
Armour
 b - a +0 robe (worn)
Jewellery
 h - a ring of see invisible (left claw)
Wands
 m - a wand of flame (18)
Scrolls
 e - 3 scrolls of identify {unknown}
 n - a scroll of immolation {unknown}
 o - a scroll of vulnerability {unknown}
Potions
 a - 2 potions of lignification {unknown}
 f - 2 potions of heal wounds {unknown}
 g - a potion of flight {unknown}
 i - 2 potions of might {unknown}
 j - a potion of curing {unknown}
 k - a potion of haste {unknown}


   Skills:
 + Level 3.1 Fighting
 * Level 5.6 Throwing
 - Level 1.5 Dodging
 - Level 0.3 Stealth
 * Level 4.5 Unarmed Combat


You had 6 spell levels left.
You didn't know any spells.
Your spell library contained the following spells:

 Spells                   Type           Power      Damage    Failure   Level
 Animate Skeleton         Necr           0%         N/A       43%         1
 Magic Dart               Conj           0%         1d3       43%         1
 Pain                     Necr           0%         1d4       43%         1
 Searing Ray              Conj           0%         2d4       56%         2
 Tukima's Dance           Hex            0%         N/A       80%         3
 Vampiric Draining        Necr           0%         2d6       80%         3
 Fulminant Prism          Conj/Hex       0%         3d6       99%         4
 Passage of Golubria      Tloc           0%         N/A       99%         4
 Yara's Violent Unravell  Hex/Tmut       0%         3d3       100%        5


Dungeon Overview and Level Annotations

Branches:
Dungeon (4/15)             Temple (0/1) D:4

Altars:

Shops:
D:3 (


Innate Abilities, Weirdness & Mutations

You are too large for most types of armour.
You have claws for hands.
Your natural rate of healing is unusually fast.
You are covered in fur. (AC +1)
You have tough skin. (AC +1)


Message History

You feel drained.
You claw the orc!
You kill the orc!
The orc warrior throws a boomerang of dispersal.
The boomerang of dispersal barely misses you.
The orc warrior hits you with a +0 war axe!
Things that are here:
a +0 short sword of draining; 26 stones You scratch the orc warrior but do no damage.
The orc warrior is lightly wounded.
The orc warrior hits you with a +0 war axe.
You closely miss the orc warrior.
The orc warrior is lightly wounded.
An orc wizard comes into view. It is wielding a +0 dagger.
The orc warrior hits you with a +0 war axe!
You claw the orc warrior!
The orc warrior is severely wounded.
The orc warrior closely misses you.
You closely miss the orc warrior.
The orc warrior is severely wounded.
The orc warrior closely misses you.
You closely miss the orc warrior.
The orc warrior is heavily wounded.
The orc warrior closely misses you.
You scratch the orc warrior.
The orc warrior is severely wounded.
You closely miss the orc warrior. Your claw misses the orc warrior.
The orc warrior is severely wounded.
The orc warrior hits you with a +0 war axe!
You barely miss the orc warrior.
The orc warrior is heavily wounded.
The orc warrior hits you with a +0 war axe.
* * * LOW HITPOINT WARNING * * *
You barely miss the orc warrior.
The orc warrior is heavily wounded.
The orc warrior completely misses you.
You closely miss the orc warrior.
The orc warrior is heavily wounded.
The orc warrior hits you with a +0 war axe!!
You die...

#.###....##..######..#.... .
.............# #..#.8.. ..
#.#########.#######..#.... ...
#.#.......÷..........##... ....
###.#.#######.######...###.⌠
....o#...#.......#.# #....####
.......#.#..####.#.# #.......)
..............##.#.# #.#......
...≈≈≈≈≈......##@#)# #.#......
.≈≈≈≈≈≈≈≈≈.....#o#)# #.######.
≈≈≈≈≈≈≈≈≈≈≈≈....o#)######........
≈≈≈≈≈≈≈≈≈≈≈≈≈.##........#........
≈≈≈≈.?.≈≈≈≈≈≈.##........#........
≈≈≈≈.>.≈≈≈≈≈≈.##........#........
≈≈...≈≈≈≈≈≈.##........#........
≈≈≈≈≈≈≈≈≈...#........#........
≈≈≈≈≈≈.....###.##############


You could see an orc warrior and an orc wizard.

Vanquished Creatures
  An ogre (D:4)
  A phantom (D:4)
  A bullfrog zombie (D:3)
  2 orc priests (D:4)
  2 hounds (D:4)
  Ijyb (D:3)
  2 hound skeletons
  6 gnolls
  5 adders
  2 worms (D:3)
  7 orcs
  5 bats
  6 endoplasms
  3 giant cockroaches
  6 goblins
  10 hobgoblins
  6 kobolds
  2 quokkas
  8 ball pythons
  9 frilled lizards
  6 rats
91 creatures vanquished.

Notes
Turn   | Place    | Note
-------+----------+-------------------------------------------
     0 | D:1      | Crownlay the Troll Hunter began the quest for the Orb.
     0 | D:1      | Reached XP level 1. HP: 19/19 MP: 0/0
   222 | D:1      | Reached skill level 1 in Unarmed Combat
   222 | D:1      | Reached XP level 2. HP: 11/28 MP: 1/1
   254 | D:1      | Reached skill level 4 in Throwing
   498 | D:1      | Reached XP level 3. HP: 35/35 MP: 2/2
   783 | D:2      | Found a faded altar of an unknown god.
   878 | D:2      | Reached XP level 4. HP: 41/42 MP: 3/3
  1678 | D:3      | Found Askaso's Weapon Shoppe.
  1724 | D:3      | Reached XP level 5. HP: 46/50 MP: 4/4
  1902 | D:3      | Noticed Ijyb
  1908 | D:3      | Killed Ijyb
  2401 | D:4      | Reached skill level 5 in Throwing
  2409 | D:4      | Reached XP level 6. HP: 27/59 MP: 5/5
  2413 | D:3      | HP: 1/59 [orc (5)]
  2857 | D:4      | Reached XP level 7. HP: 67/67 MP: 6/6
  2879 | D:4      | Found a staircase to the Ecumenical Temple.
  2977 | D:4      | Slain by an orc warrior

Illustrated notes

Levels and vault maps discovered:
D:1:      evilmike_arrival_plus, layout_loops_ring, kennysheep_doodads
D:2:      layout_loops_ring, basic_ecumenical_altar, kennysheep_generic_room_14
D:3:      layout_basic, serial_shops, shop_fountains, grunt_ministairs_6,
          nrook_loot_triangle, uniq_ijyb
D:4:      cheibrodos_pilgrimage, layout_basic, kennysheep_little_box,
          temple_pool_b, serial_shops, shop, uniq_sigmund

Skill      XL: |  1  2  3  4  5  6 |
---------------+-------------------+-----
Unarmed Combat | 1 2 3 4 |  4.5
Throwing       | 4 5 |  5.6
Fighting       | 2 3 |  3.1
Dodging        | |  1.5
Stealth        | |  0.3

Action                   |  1- 3 |  4- 6 |  7- 9 || total
-------------------------+-------+-------+-------++-------
Melee: Unarmed           |    99 |   137 |    28 ||   264
       Punch             |     3 |     4 |       ||     7
Throw: Large rock        |     3 |     3 |       ||     6
 Stab: Sleeping          |     3 |     4 |       ||     7
Armor: Robe              |    33 |    35 |     1 ||    69
Dodge: Dodged            |    36 |    63 |    16 ||   115
